[Event "17th Paracin Open 2024"]
[Site "Paracin"]
[Date "2024.07.05"]
[Round "3.1"]
[White "Eren, Ataberk"]
[Black "Fier, Alexandr"]
[Result "0-1"]
[ECO "B90"]
[WhiteElo "2407"]
[BlackElo "2602"]
[Annotator "TA"]
[PlyCount "80"]
[EventDate "2024.07.02"]
[EventType "swiss"]
[EventCountry "SRB"]
[SourceTitle "playchess.com"]
[Source "ChessBase"]
[SourceQuality "1"]
[TimeControl "5400+30"]

1. e4 c5 2. Nf3 d6 3. d4 cxd4 4. Nxd4 Nf6 5. Nc3 a6 6. h3 e5 7. Nb3 Be6 8. f4 Be7 9. f5 Bd7 {[%emt 0:00:14] The position is equal.} 10. g4 Bc6 11. Bg2 h6 12. Qe2 b5 13. Be3 b4 14. Nd5 Nxd5 15. exd5 Bb5 $36 {[%emt 0:00:04][%mdl 2048] Black has good play.} 16. Qf3 Bh4+ 17. Bf2 Nd7 18. O-O-O Bxf2 19. Qxf2 a5 20. Kb1 Qb6 21. Qe1 (21. Qxb6 $15 Nxb6 22. Rhe1) 21... O-O $17 22. Nc1 Rfc8 23. g5 {[%emt 0:01:43] White is weak on the dark squares} (23. Bf3 $142) 23... hxg5 $19 24. h4 g4 25. h5 Qd8 26. Qe3 Nb6 (26... Qf6 $19 27. Rhg1 Qh6 (27... Qxf5 $2 28. Be4 $17) 28. Qxh6 gxh6) 27. h6 $17 Nc4 28. Qg3 {[%emt 0:00:07] White does not recover from this.} (28. Qe4 $17 Qg5 29. hxg7 Kxg7 30. f6+ Qxf6 (30... Kxf6 31. Rdf1+ Ke7 32. Rxf7+ Kxf7 33. Qh7+ Kf8 34. Qh8+ Qg8 35. Qf6+ Ke8 36. Rh8 $11) 31. Qxg4+ Qg6 32. Rh7+ Kg8 (32... Kxh7 $2 33. Be4 $18) 33. Qxg6+ fxg6 34. Re7) 28... Qg5 $1 $19 29. hxg7 Kxg7 (29... Qxf5 30. Qh4 Na3+ 31. bxa3 Qxc2+ 32. Ka1 Qc3+ 33. Kb1 Qc2+ 34. Ka1 Qc3+ 35. Kb1 Qc2+ $11) 30. Rh4 (30. Nd3 {is a better defense.} Rh8 (30... Qxf5 $2 31. Bh3 $19) 31. Rhg1) 30... Ne3 $1 (30... Qxf5 31. Rxg4+ (31. Qxg4+ $2 Qxg4 32. Rxg4+ Kf8 $19) 31... Kf8 32. Bh3 $11) 31. Rdh1 {[%emt 0:01:01] aiming for Rh5.} Rxc2 {[%emt 0:00:00][%cal Oa8c8] ...Rac8! is the strong threat.} (31... Nxf5 32. Rxg4 Kf6 33. Rxg5 $18) 32. Be4 {[%emt 0:05:35] [#]} (32. Rh7+ $142 Kf6 33. Be4 Nxf5 34. Qe1 Rxc1+ 35. Qxc1 Qxc1+ 36. Kxc1) 32... Rxc1+ $1 33. Rxc1 Qf4 $1 {[%emt 0:00:00] Active counter play!} (33... Nxf5 $2 34. Rxg4 (34. Qxg4 Kf6 $17) 34... Nxg3 35. Rxg5+ Kf6 36. Rxg3 $18) 34. Qxf4 exf4 35. Rch1 Kf6 36. Kc1 Ke5 (36... Nxf5 37. Rxg4 Ng3 38. Re1 Rc8+ 39. Kd1 $11) 37. Bb1 f3 {[%emt 0:00:00][%cal Of3f2] ...f2! would now be deadly.} 38. Kd2 Kf4 {[%emt 0:00:00][%cal Of3f2] Strongly threatening ...f2!} (38... Nxf5 39. Rxg4 f2 40. Rg5 $18) 39. Re1 f2 (39... Nxf5 $2 {is the wrong capture.} 40. Re4+ Kg5 41. Rexg4+ (41. Rhxg4+ Kh5 $18) 41... Kf6 42. Rf4 $18) 40. Rxe3 f1=N+ {[%emt 0:00:00] Weighted Error Value: White=0.90/Black=0.08 (flawless) .  Mistake:       	White=5     	Black=1      Inaccurate:     	White=3     	Black=1      OK:         	White=7     	Black=13     Best:        	---       	Black=3      Strong:       	---       	Black=1      Brilliant:      	---       	Black=1} (40... f1=B $2 {too greedy.} 41. Re4+ Kg5 42. Rexg4+ (42. Rhxg4+ Kf6 $18) 42... Kf6 43. Ke3 $18) 0-1

[Event "17th Paracin Open 2024"]
[Site "Paracin"]
[Date "2024.07.05"]
[Round "3.2"]
[White "Tippa, Aswath Srisai"]
[Black "Narayanan, Srinath"]
[Result "1/2-1/2"]
[ECO "E51"]
[WhiteElo "1647"]
[BlackElo "2533"]
[Annotator "TA"]
[PlyCount "35"]
[EventDate "2024.07.02"]
[EventType "swiss"]
[EventCountry "SRB"]
[SourceTitle "playchess.com"]
[Source "ChessBase"]
[SourceQuality "1"]
[TimeControl "5400+30"]

1. d4 d5 2. c4 dxc4 3. Nf3 Nf6 4. e3 e6 5. Bxc4 Be7 6. O-O O-O 7. Nc3 c5 8. a3 (8. Qe2 $14) 8... a6 9. dxc5 Qxd1 10. Rxd1 {[%emt 0:00:15] Black must now prevent Na4.} Bxc5 {[%emt 0:00:07] The position is equal.} 11. b4 Be7 12. Be2 b5 13. Nd2 Bb7 14. Nb3 Nc6 15. Bb2 Rfd8 16. f3 Rxd1+ 17. Rxd1 Rd8 18. Rxd8+ {[%emt 0:00:00] An uneventful encounter.   Weighted Error Value: White=0.10 (very precise) /Black=0.09 (flawless) .  Inaccurate:     	White=2     	---        OK:         	White=4     	Black=4      Best:        	---       	Black=1} 1/2-1/2

[Event "17th Paracin Open 2024"]
[Site "Paracin"]
[Date "2024.07.05"]
[Round "3.3"]
[White "Fernandez, Daniel Howard"]
[Black "Kushagra Mohan"]
[Result "1/2-1/2"]
[ECO "A00"]
[WhiteElo "2526"]
[BlackElo "2367"]
[Annotator "TA"]
[PlyCount "94"]
[EventDate "2024.07.02"]
[EventType "swiss"]
[EventCountry "SRB"]
[SourceTitle "playchess.com"]
[Source "ChessBase"]
[SourceQuality "1"]
[TimeControl "5400+30"]

1. Nc3 Nf6 2. Nf3 d5 3. g3 d4 4. Nb1 c5 5. Bg2 Nc6 6. d3 e5 7. e3 Bd6 8. Na3 {[%emt 0:04:50] Black is slightly better.} O-O 9. O-O h6 10. Nc4 Bc7 11. exd4 exd4 12. Re1 Re8 13. a4 Bf5 14. Rxe8+ Qxe8 15. Bd2 Qd7 16. Qf1 Re8 17. Re1 Rxe1 18. Qxe1 Qe6 19. Kf1 Nd5 20. Nh4 Qxe1+ 21. Kxe1 Be6 22. Be4 (22. Nf5 $11) 22... Nde7 23. Ng2 f5 24. Bf3 Bd5 25. Ke2 Kf7 26. h4 Kf6 27. Ne1 g5 28. hxg5+ hxg5 29. Bxd5 Nxd5 30. c3 a6 31. Kd1 g4 32. Nc2 $1 {[%emt 0:00:25] The position is equal.} b5 33. axb5 axb5 {[%emt 0:00:04] [#] Strongly threatening ...dxc3.} 34. N4a3 dxc3 35. bxc3 b4 36. Nb5 {[%emt 0:00:03] c4 would now be deadly.} Be5 37. Ne3 Nxc3+ 38. Nxc3 bxc3 39. Bxc3 Bxc3 40. Nd5+ Ke5 41. Nxc3 $11 {[%emt 0:00:06][%mdl 4096] Endgame. KN-KN} f4 42. gxf4+ Kxf4 43. Na4 Kf3 44. Ke1 Nb4 45. Nxc5 g3 46. fxg3 Nxd3+ 47. Nxd3 Kxg3 {[%emt 0:00:05] Weighted Error Value: White=0.05 (flawless) /Black=0.05 (flawless) .  Mistake:       	White=1     	---        Inaccurate:     	---       	Black=1      OK:         	White=17    	Black=9      Best:        	White=2     	Black=2      Strong:       	White=1     	---} 1/2-1/2

[Event "17th Paracin Open 2024"]
[Site "Paracin"]
[Date "2024.07.05"]
[Round "3.4"]
[White "Damljanovic, Branko"]
[Black "Mardov, Dimitar"]
[Result "0-1"]
[ECO "A07"]
[WhiteElo "2364"]
[BlackElo "2484"]
[Annotator "TA"]
[PlyCount "82"]
[EventDate "2024.07.02"]
[EventType "swiss"]
[EventCountry "SRB"]
[SourceTitle "playchess.com"]
[Source "ChessBase"]
[SourceQuality "1"]
[TimeControl "5400+30"]

1. Nf3 d5 2. g3 Bg4 3. Bg2 c6 4. b3 Nd7 5. Bb2 e6 6. d3 Ngf6 7. Nbd2 Bd6 8. O-O O-O 9. Qe1 Re8 10. e4 {[%emt 0:01:25] [#] e5 is the strong threat.} e5 11. Nh4 Qc7 12. a3 a5 13. Kh1 Be6 14. Nf5 Bxf5 15. exf5 g5 ({Black should try} 15... a4 $17 16. Qb1 axb3 17. cxb3 h5) 16. fxg6 hxg6 17. Qe2 Bf8 18. Rae1 Bg7 19. Qd1 Qd6 20. Kg1 Re7 21. Re2 Rae8 22. c4 Nh5 23. cxd5 cxd5 24. Rfe1 Nc5 25. Nf3 e4 26. dxe4 Bxb2 27. Rxb2 {[%emt 0:00:07] Strongly threatening e5.} Nxe4 28. b4 Ng7 29. Rf1 axb4 30. axb4 Ne6 31. Qd3 Rc7 32. Rb3 Rc4 33. Nd2 Rd4 (33... Rxb4 $2 {too greedy.} 34. Nxe4 (34. Bxe4 Nc5 $11) 34... Rxe4 35. Bxe4 $18) 34. Nxe4 dxe4 35. Qb5 Re7 36. Rbb1 Rd2 37. Rbc1 (37. Bxe4 Nd4 38. Qc5 Qxc5 39. bxc5 Rxe4 $19) (37. Qc4 $15) 37... Kg7 ({Better is} 37... Nd4 $17 38. Rc8+ Kg7) 38. Rc8 (38. Bxe4 $2 {is the wrong capture.} Nd4 39. Qc5 Ne2+ 40. Kg2 Nxc1 (40... Rxe4 $2 41. Qxd6 Rxd6 42. Rc2 $19) 41. Bxb7 Qxc5 (41... Rxb7 $2 42. Qxd6 Rxd6 43. Rxc1 $19) 42. bxc5 Rxb7 $19) (38. Qc4 $15) 38... Nd4 $17 39. Qc5 Qf6 {[%emt 0:02:02] Some like it hot. Black is much more active.} (39... Qxc5 $17 40. bxc5 Nf3+ 41. Bxf3 exf3) 40. Ra8 $15 {[%emt 0:08:04] [#] Qc8 would now be deadly.} Ne6 (40... Nc6 $15 {was preferrable.}) 41. Qe3 Rb2 {[%emt 0:00:35] Weighted Error Value: White=0.14 (very precise) /Black=0.19 (very precise) .  Mistake:       	White=2     	Black=4      Inaccurate:     	White=3     	Black=1      OK:         	White=9     	Black=14     Best:        	White=1     	Black=1} 0-1

[Event "17th Paracin Open 2024"]
[Site "Paracin"]
[Date "2024.07.05"]
[Round "3.5"]
[White "Bhattacharyya Soham"]
[Black "Damjanovic, Vuk"]
[Result "1/2-1/2"]
[ECO "D37"]
[WhiteElo "2477"]
[BlackElo "2361"]
[Annotator "TA"]
[PlyCount "42"]
[EventDate "2024.07.02"]
[EventType "swiss"]
[EventCountry "SRB"]
[SourceTitle "playchess.com"]
[Source "ChessBase"]
[SourceQuality "1"]
[TimeControl "5400+30"]

1. d4 d5 2. c4 e6 3. Nf3 Nf6 4. Nc3 a6 5. c5 Nc6 6. h3 Ne4 7. Bf4 Nxc3 8. bxc3 {[%emt 0:00:07] White has an edge.} b6 9. cxb6 cxb6 10. e3 Bd6 11. Bxd6 Qxd6 12. Qb1 b5 13. Bd3 h6 14. O-O O-O 15. a4 bxa4 16. Rxa4 a5 17. Qa2 Ba6 18. Bxa6 Rxa6 19. Ra1 Rb8 20. c4 dxc4 21. Rxc4 e5 {[%emt 0:09:53] Weighted Error Value: White=0.06 (flawless) /Black=0.08 (flawless) .  Inaccurate:     	White=1     	---        OK:         	White=6     	Black=4} 1/2-1/2

[Event "17th Paracin Open 2024"]
[Site "Paracin"]
[Date "2024.07.05"]
[Round "3.6"]
[White "Bashirli, Nail"]
[Black "Bryakin, Mikhail"]
[Result "0-1"]
[ECO "B19"]
[WhiteElo "2327"]
[BlackElo "2469"]
[Annotator "TA"]
[PlyCount "136"]
[EventDate "2024.07.02"]
[EventType "swiss"]
[EventCountry "SRB"]
[SourceTitle "playchess.com"]
[Source "ChessBase"]
[SourceQuality "1"]
[TimeControl "5400+30"]

1. e4 c6 2. d4 d5 3. Nc3 dxe4 4. Nxe4 Bf5 5. Ng3 Bg6 6. h4 h6 7. Nf3 Nd7 8. h5 Bh7 9. Bd3 Bxd3 10. Qxd3 e6 11. Bd2 Ngf6 12. O-O-O Be7 13. Ne4 Nxe4 14. Qxe4 Nf6 {[%emt 0:00:04] B19: Classical Caro-Kann: 4...Bf5 main line.} 15. Qd3 c5 {[%emt 0:00:06] is the legacy move (15...Qd5).} 16. Ne5 O-O 17. dxc5 Qc7 18. Bc3 Qxc5 19. Qf3 Rac8 20. Rh4 $146 ({Predecessor:} 20. Kb1 Nd5 21. Rh3 Nxc3+ 22. Qxc3 Qxf2 23. Qb3 Qe2 24. Rhh1 Qxe5 {0-1 Minyeyevtsev,S (2203)-Tiggelman,R (2205) BEL-chT2 0304 2003 (2)}) 20... b5 21. Qe2 Nd5 22. Bd4 Qxc2+ $2 (22... Qc7 $19 {has better winning chances.} 23. Rg4 f5) 23. Qxc2 $17 Rxc2+ (23... Bxh4 $2 24. Bc5 $18) (23... Nb4 $6 24. Qxc8 Rxc8+ 25. Kb1 Bxh4 26. Bxa7 $11) 24. Kxc2 Bxh4 25. Bxa7 {[%emt 0:00:11] [#]} Ra8 $1 26. Bd4 (26. Nc6 $2 Rc8 27. Kb1 Rxc6 $19) 26... Rxa2 27. Kb3 Ra4 28. g3 Bf6 29. Nc6 Rc4 30. Bxf6 gxf6 31. Nd4 Kf8 32. Rd2 $1 Ke8 33. Nf5 Rg4 (33... Rb4+ $5 34. Ka3 Ra4+ 35. Kb3 Rg4 $17) 34. Rd4 (34. Nxh6 $2 Rg5 35. g4 Re5 $17) 34... Rg5 ({Don't play} 34... exf5 $6 35. Rxd5 Rg5 (35... f4 36. Rd4 $11) 36. Rxb5 $11) 35. Nd6+ $1 Ke7 36. Nxb5 Rxh5 37. Ra4 Rh2 38. Ra7+ Kf8 39. f4 (39. Nc3 $15) 39... Rg2 40. Nd6 Rxg3+ 41. Kc4 Rg4 (41... Nxf4 42. Rxf7+ Kg8 43. Rxf6 $11) (41... Rg1 $17 42. Rxf7+ Kg8) 42. Kc5 $1 $15 Nxf4 43. Rxf7+ Kg8 44. Rxf6 h5 $1 45. b4 $1 Nd3+ 46. Kc6 Ne5+ (46... Nxb4+ $2 47. Kd7 $19) (46... Rxb4 $15 47. Rxe6 h4) 47. Kc7 (47. Kb5 $11) 47... Rxb4 $15 48. Rxe6 Ng4 $1 49. Rg6+ Kh7 50. Rg5 Nf6 $1 51. Kd8 Rg4 52. Rf5 (52. Ra5 $15) 52... Kg6 $17 53. Ke7 (53. Rf3 $17 {is a better defense.}) 53... Nh7 $2 (53... Ne4 $19 {And now ...Nxd6 would win.} 54. Rf8 Nxd6 55. Kxd6 Re4) 54. Rf3 Ra4 55. Rf1 $2 (55. Rf2 $17 {is a better chance.}) 55... h4 $19 56. Nf5 h3 57. Rh1 $2 (57. Kd6 Ng5 58. Ne3) 57... Ng5 $19 ({Not} 57... Kxf5 58. Rxh3 Ng5 59. Rh1 $17) 58. Ng3 Ra3 59. Nf1 Kf5 60. Nh2 Re3+ 61. Kd6 Kf4 62. Ra1 Rd3+ (62... Ne4+ $142 63. Kc6 Nd2) 63. Ke7 Kg3 64. Ra2 Rd1 65. Kf6 Ne4+ 66. Kf5 Nf2 67. Rb2 Kxh2 68. Rxf2+ Kg1 0-1

[Event "17th Paracin Open 2024"]
[Site "Paracin"]
[Date "2024.07.05"]
[Round "3.7"]
[White "Xu, Junwei"]
[Black "Atalik, Suat"]
[Result "1-0"]
[ECO "A15"]
[WhiteElo "2138"]
[BlackElo "2450"]
[Annotator "TA"]
[PlyCount "77"]
[EventDate "2024.07.02"]
[EventType "swiss"]
[EventCountry "SRB"]
[SourceTitle "playchess.com"]
[Source "ChessBase"]
[SourceQuality "1"]
[TimeControl "5400+30"]

1. Nf3 Nf6 2. b3 g6 3. Bb2 Bg7 4. g3 b6 5. c4 O-O 6. Bg2 Bb7 7. O-O e6 8. Nc3 d5 9. cxd5 Nxd5 10. Rc1 {[%emt 0:00:44] The position is equal.} c5 11. d4 Na6 12. Qd2 Nxc3 13. Bxc3 cxd4 14. Nxd4 Bxg2 15. Kxg2 Qd5+ 16. f3 (16. Nf3 {simplifies} Qxd2 17. Bxd2 Rfc8 18. Rfd1) 16... e5 {[%emt 0:19:04] [#]} 17. Nf5 Qxd2 18. Ne7+ Kh8 19. Bxd2 f5 20. Rc4 Rad8 21. Bg5 Bf6 22. Bxf6+ Rxf6 23. Rfc1 e4 24. fxe4 {[%emt 0:28:57] White is more active.} fxe4 25. Rxe4 Nc5 26. Re3 Rd2 27. a4 Kg7 28. b4 Nd3 29. Rc7 {[%emt 0:01:58] Intending Nf5+ and mate.} Rf7 30. b5 $36 {[%emt 0:01:29][%cal Oc7a7][%mdl 2048] White has good play.} Nf2 $2 {[%emt 0:03:15] [#] Black cannot hold the game after this.} (30... h5 $14) 31. Rf3 $1 $18 (31. Rxa7 Nd1 32. Re6 Nc3 $11) 31... Rxe2 (31... Nd3 {might work better.} 32. Rxf7+ (32. Rxd3 Rxe2+ 33. Kh3 Rexe7 $11) 32... Kxf7 33. Nc6+ (33. Rxa7 $2 Rxe2+ 34. Kf3 Rxe7 $19) 33... Ke6) 32. Rxf7+ (32. Rxa7 $2 Ng4+ (32... Rfxe7 33. Rxe7+ Rxe7 34. Kxf2 $16) (32... Nd1+ $2 33. Kh3 $19) 33. Kf1 Rfxe7 $19 (33... Rxf3+ $2 34. Kxe2 Re3+ 35. Kd2 $18)) 32... Kxf7 {[%emt 0:00:03][%mdl 4096] Endgame. KRN-KRN} 33. Nd5+ (33. Rxa7 $2 {is the wrong capture.} Nd3+ (33... Rxe7 34. Ra6 $15) 34. Kf1 Rxe7 $19) 33... Kf8 34. Rxa7 Ra2 $2 (34... Nd3+ 35. Kf3 Re6) 35. Nxb6 {[%emt 0:00:18] White is clearly winning.} (35. Rxh7 Ne4+ 36. Kf1 Rxa4 $16) 35... Ng4+ 36. Kf3 Nxh2+ 37. Ke4 h5 38. Nd7+ Ke7 39. b6 {[%emt 0:00:03] Weighted Error Value: White=0.03 (flawless) /Black=0.42.  Loses game:     	---       	Black=1      Mistake:       	---       	Black=2      Inaccurate:     	White=2     	Black=2      OK:         	White=15    	Black=10     Best:        	White=3     	---        Strong:       	White=1     	---} 1-0

[Event "17th Paracin Open 2024"]
[Site "Paracin"]
[Date "2024.07.05"]
[Round "3.8"]
[White "Vasilkov, Nikolay"]
[Black "Ben Ari, Yannay"]
[Result "0-1"]
[ECO "B30"]
[WhiteElo "2071"]
[BlackElo "2443"]
[Annotator "TA"]
[PlyCount "88"]
[EventDate "2024.07.02"]
[EventType "swiss"]
[EventCountry "SRB"]
[SourceTitle "playchess.com"]
[Source "ChessBase"]
[SourceQuality "1"]
[TimeControl "5400+30"]

1. e4 c5 2. Nf3 Nc6 3. Nc3 e5 4. Bc4 Be7 5. d3 d6 6. a3 Nf6 7. Ng5 O-O 8. h4 (8. O-O $11) 8... h6 9. Be3 Ng4 10. Nf3 Nd4 11. Bxd4 cxd4 12. Nd5 Be6 13. Qb1 {[%emt 0:00:54] [#]} b5 $1 14. Bb3 a5 15. a4 b4 16. Qa2 Rc8 17. Rc1 Rc5 18. Bc4 Kh8 19. Qb3 Qe8 $36 {[%emt 0:08:28][%mdl 2048] Black has good play.} 20. h5 $2 {[%emt 0:01:59] Loses the game.} ({Better is} 20. c3 $15) 20... f5 $19 {[%emt 0:04:24] White must now prevent ...fxe4.} 21. Nb6 $2 {[%emt 0:15:14] [#]} (21. c3 fxe4 22. dxe4) 21... Rxc4 $1 22. exf5 Rc6 (22... Rxf5 23. dxc4 Bf6 (23... Rxh5 $2 24. Rxh5 Qxh5 25. Qd3 $19) 24. Rd1 $19) 23. Qxe6 Rxb6 24. f6 Nxf6 25. Nh4 Rf7 ({Worse is} 25... Nxh5 26. Ng6+ Kh7 27. Nxf8+ (27. Nxe7 $2 Nf4 $19) 27... Qxf8 28. Rxh5 $11) 26. Ng6+ Kg8 27. Nxe5 dxe5 28. Qxb6 Bd8 29. Qb5 Qxb5 30. axb5 Nd5 ({Don't take} 30... Rb7 31. b6 $19) 31. g3 Rb7 32. O-O Rxb5 33. Ra1 Rc5 34. Rfe1 Nf6 {[%emt 0:00:30] Black is clearly winning.} ({Resist} 34... Rxc2 35. Rxe5 Ne7 36. Rb1 $19) 35. Re2 Nxh5 36. Kg2 Nf6 37. b3 Bc7 38. Kf3 Kf7 39. Rd2 Ke6 40. Re2 Kf5 41. Rh1 h5 42. Kg2 g5 43. f3 Kg6 44. f4 exf4 {[%emt 0:00:08] Weighted Error Value: White=0.34/Black=0.16 (very precise) .  Loses game:     	White=1     	---        Mistake:       	White=2     	---        Inaccurate:     	White=4     	Black=2      OK:         	White=11    	Black=21     Best:        	White=1     	Black=1} 0-1

[Event "17th Paracin Open 2024"]
[Site "Paracin"]
[Date "2024.07.05"]
[Round "3.9"]
[White "Wang, Yanbin"]
[Black "Averin, Nikolay"]
[Result "1-0"]
[ECO "A13"]
[WhiteElo "2423"]
[BlackElo "2250"]
[Annotator "TA"]
[PlyCount "67"]
[EventDate "2024.07.02"]
[EventType "swiss"]
[EventCountry "SRB"]
[SourceTitle "playchess.com"]
[Source "ChessBase"]
[SourceQuality "1"]
[TimeControl "5400+30"]

1. c4 e6 2. Nf3 d5 3. g3 dxc4 4. Qa4+ Nd7 5. Qxc4 a6 6. Qc2 b5 7. Bg2 Bb7 8. O-O Ngf6 9. Nc3 c5 10. a4 b4 11. Nd1 {[%emt 0:00:06] White is slightly better.} Rc8 12. Ne3 Nd5 13. Nc4 N5b6 14. Na5 Bxf3 15. Bxf3 c4 {[%emt 0:00:07][%cal Bc5c4,Bc4d3][%mdl 32] [#]} 16. d3 $1 {[%emt 0:09:22] White is more active.} Ne5 {[%emt 0:06:24][%cal Rc4d3] Dodges Nc6} 17. Bb7 cxd3 18. Qd1 Rb8 ({Not} 18... Rc5 $2 19. Nb3 $18) (18... Rc7 $142) 19. Bxa6 $16 Qd5 {[%emt 0:00:36] [#]} (19... Nbd7 $16 {was necessary.}) 20. Bb5+ (20. Bf4 $1 $18 Nbd7 21. Nb3) 20... Nbd7 {[%emt 0:00:29] Threatens to win with ...dxe2.} 21. f3 ({Much weaker is} 21. exd3 $6 Nf3+ 22. Kh1 Nd4+ 23. Kg1 Nxb5 24. axb5 Rxb5 $11) 21... Bc5+ 22. Kg2 O-O 23. exd3 {[%emt 0:06:10][%cal Od3d4] Hoping for d4!} f5 $2 {[%emt 0:00:31][%mdl 8192] [#] This move loses the game for Black.} (23... Nf6 $16) 24. d4 $1 $18 Bxd4 25. Nb3 {[%emt 0:00:13] Prevents Nc5.} Rxb5 26. axb5 Bb6 27. Qxd5 exd5 28. Rd1 {[%emt 0:01:11] Against Nd3} Nf6 29. Nd4 {[%emt 0:01:11] White is clearly winning.} Rc8 30. Bf4 Bxd4 31. Rxd4 Rc2+ 32. Rd2 Rxd2+ 33. Bxd2 b3 34. b6 {[%emt 0:00:08] Weighted Error Value: White=0.09 (flawless) /Black=0.36.  Loses game:     	---       	Black=1      Mistake:       	White=1     	Black=2      Inaccurate:     	---       	Black=3      OK:         	White=13    	Black=10     Best:        	White=2     	---        Strong:       	White=1     	---} 1-0

[Event "17th Paracin Open 2024"]
[Site "Paracin"]
[Date "2024.07.05"]
[Round "3.10"]
[White "Safarli, Eltaj"]
[Black "Zhong, Kangmin"]
[Result "1-0"]
[ECO "B51"]
[WhiteElo "2595"]
[BlackElo "2010"]
[Annotator "TA"]
[PlyCount "85"]
[EventDate "2024.07.02"]
[EventType "swiss"]
[EventCountry "SRB"]
[SourceTitle "playchess.com"]
[Source "ChessBase"]
[SourceQuality "1"]
[TimeControl "5400+30"]

1. e4 c5 2. Nf3 Nc6 3. Bb5 d6 4. O-O Bd7 5. Re1 Nf6 6. c3 a6 7. Bf1 Bg4 8. h3 Bxf3 9. Qxf3 e6 10. d3 Be7 11. Nd2 O-O {[%emt 0:00:30] The position is equal.} 12. Qd1 b5 13. Nf3 Qd7 14. g3 Rfc8 15. a3 Rab8 16. Bf4 h6 17. d4 cxd4 18. cxd4 Bd8 19. h4 Nh5 (19... Bb6 $11) 20. Be3 (20. Bc1 $14) 20... Nf6 $11 21. Bh3 {[%emt 0:03:21] Threatens to win with d5.} d5 $1 (21... Nxe4 $2 {loses.} 22. d5 $18) 22. e5 Nh7 23. Bf1 a5 24. b3 $36 {[%emt 0:03:39][%mdl 2048] White has some pressure.} Ne7 25. Bd3 Nf8 26. h5 Nf5 27. Bf4 Ne7 28. Rb1 {[%emt 0:08:03] White is more active.} Rc3 29. Qe2 b4 30. axb4 axb4 31. Bd2 Rc7 32. g4 Ra7 33. Kh1 Ra2 34. Rg1 Qe8 35. Rg3 Nh7 {[%emt 0:02:39] [#]} (35... Nc6 $16 {was called for.}) 36. Rbg1 $1 $18 {[%emt 0:03:10] aiming for g5.} Ng5 (36... g5 {was necessary.} 37. hxg6 Nxg6) 37. Nxg5 hxg5 38. Bb1 Rb2 39. Qd3 {[%emt 0:00:25] And now Qh7+ would win.} Qb5 $2 (39... Rxb1 40. Rxb1 Nc6) 40. Qh7+ ({Not} 40. Bxg5 Qxd3 41. Bxd3 Nc6 42. Bxd8 Rxd8 $15) 40... Kf8 41. Bxg5 {[%emt 0:01:14] Rf3 would now be deadly.} Ng8 {[%emt 0:00:08] [#]} 42. h6 $1 gxh6 {[%emt 0:02:13] [#]} (42... Bxg5 43. Qxg7+) 43. Rf3 $1 {[%emt 0:00:37] Weighted Error Value: White=0.05 (flawless) /Black=0.39.  Mistake:       	White=1     	Black=4      Inaccurate:     	---       	Black=2      OK:         	White=17    	Black=8      Best:        	White=1     	Black=1      Strong:       	---       	Black=1} 1-0

[Event "17th Paracin Open 2024"]
[Site "Paracin"]
[Date "2024.07.05"]
[Round "3.11"]
[White "Sasikiran, Krishnan"]
[Black "Ristic, Luka"]
[Result "1/2-1/2"]
[ECO "E05"]
[WhiteElo "2581"]
[BlackElo "2318"]
[Annotator "RC"]
[PlyCount "165"]
[EventDate "2024.07.02"]
[EventType "swiss"]
[EventCountry "SRB"]
[SourceTitle "playchess.com"]
[Source "ChessBase"]
[SourceQuality "1"]
[TimeControl "5400+30"]

1. d4 d5 2. c4 e6 3. Nf3 Nf6 4. g3 Be7 5. Bg2 O-O 6. O-O dxc4 7. Qc2 b5 8. a4 b4 9. Bg5 Ba6 10. Nbd2 Nd5 11. Bxe7 Qxe7 12. Nxc4 c5 13. Rfc1 Nd7 14. e4 N5b6 15. Ncd2 cxd4 16. a5 d3 17. Qc7 Rfc8 18. axb6 Rxc7 19. Rxc7 axb6 20. Ne5 Qd6 21. Rxd7 Qxe5 22. Rxa6 Rc8 23. Bf1 Qxb2 24. Rxd3 h6 25. Rxb6 Rc2 26. Rbd6 Qe5 27. Rd8+ Kh7 28. R8d7 Kg8 29. Rb7 Qb2 30. Rbd7 Qe5 31. h4 Rc3 32. Kg2 Qc5 33. R7d4 Kh7 34. Rd7 Kg8 35. Be2 Rxd3 36. Rxd3 Kf8 37. Nb3 Qc2 38. Re3 Ke7 39. e5 g5 40. hxg5 hxg5 41. Bf3 Kf8 42. Bh5 Qc6+ 43. Rf3 Qd5 44. Kh2 Qxe5 45. Rxf7+ Kg8 46. Rf3 Qe4 47. Kh3 Qd5 48. Re3 Qf5+ 49. Kg2 g4 50. Be8 Qd5+ 51. Kh2 Kg7 52. Ba4 Kf6 53. Nc1 Qh5+ 54. Kg1 Qc5 55. Ne2 e5 56. Bb3 Qc6 57. Kh2 Qb7 58. Kg1 Qc6 59. Kf1 Qh1+ 60. Ng1 Qc6 61. Bd1 Qc1 62. Ke1 Qc4 63. Ne2 Qc6 64. Bb3 Qh1+ 65. Kd2 Qf1 66. Re4 Kf5 67. Rxb4 Qxf2 68. Bc2+ Kg5 69. Re4 Qc5 70. Bd3 Kh5 71. Re3 Qb4+ 72. Nc3 Qd4 73. Re2 Kh6 74. Re4 Qf2+ 75. Ne2 Qf5 76. Rc4 Qg5+ 77. Kc2 Kh5 78. Nc3 Qe3 79. Ne4 Qf3 80. Rc5 Qf5 81. Rc6 Qf3 82. Rf6 Qxd3+ 83. Kxd3 1/2-1/2